[Event "Schack-SM 2022: Mastarklassen"]
[Site "Fyrishov, Idrottsgatan 2, Uppsala, Sweden"]
[Date "2022.07.03"]
[Round "2.1"]
[White "Johnson, Daniel"]
[Black "Crevatin, Leo"]
[Result "1/2-1/2"]
[TimeControl "90 minutes for 40 moves + 30 minutes for the rest of the game + 30 seconds per move from move one."]
[BlackTitle "CM"]
[WhiteFideId "1721283"]
[BlackFideId "1726307"]
[WhiteElo "2191"]
[BlackElo "2259"]

1. d4 Nf6 2. c4 e6 3. Nc3 Bb4 4. Qc2 O-O 5. Nf3 d5 6. Bg5 c5 7. dxc5 Na6 8. a3 Bxc3+ 9. Qxc3 Nxc5 10.
Bxf6 Qxf6 11. Qxf6 gxf6 12. cxd5 exd5 13. e3 Be6 14. Nd4 Rac8 15. Be2 f5 16. O-O Kg7 17. Rad1 Kf6 18. f3 a6 19.
Rd2 Rc7 20. Rc2 Rfc8 21. Rfc1 Bd7 22. Kf2 Ke5 23. b4 Ne6 24. f4+ Kf6 25. Rxc7 Rxc7 26. Rxc7 Nxc7 27. Bd3 Ne8 1/2-1/2

[Event "Schack-SM 2022: Mastarklassen"]
[Site "Fyrishov, Idrottsgatan 2, Uppsala, Sweden"]
[Date "2022.07.03"]
[Round "2.2"]
[White "Eriksson, Dan"]
[Black "Lind, Jan-Olov"]
[Result "0-1"]
[TimeControl "90 minutes for 40 moves + 30 minutes for the rest of the game + 30 seconds per move from move one."]
[WhiteFideId "1710095"]
[BlackFideId "1701193"]
[WhiteElo "2246"]
[BlackElo "2173"]

1. e4 c5 2. c3 d5 3. exd5 Qxd5 4. d4 g6 5. Be3 cxd4 6. cxd4 Bg7 7. Nc3 Qd8 8. Nf3 Nh6 9. Nb5 Nf5 10.
Bf4 Na6 11. Be2 O-O 12. O-O Bd7 13. Nc3 Nc7 14. Qb3 Ne6 15. Be3 Nexd4 16. Bxd4 Nxd4 17. Nxd4 Bxd4 18. Qxb7 Rb8 19. Qa6 Rxb2 20.
Nd5 Be6 21. Nf4 Rb6 22. Qxa7 Bxa1 23. Rxa1 Qb8 24. Qxb8 Rfxb8 25. Nxe6 Rxe6 26. Bc4 Re4 27. Bb3 Re2 28. Rd1 Rb2 29.
h4 h5 30. g3 Kg7 31. Rd7 Kf6 32. Rd3 e6 33. Rd7 Re8 34. Bc4 Rc8 35. Bb3 Rc1+ 36. Kg2 Rc5 37. Kg1 Rf5 38. f4 Rc5 39.
Rd1 Rc3 0-1

[Event "Schack-SM 2022: Mastarklassen"]
[Site "Fyrishov, Idrottsgatan 2, Uppsala, Sweden"]
[Date "2022.07.03"]
[Round "2.3"]
[White "Carlstrom, Niklas"]
[Black "Hammarstrom, Ulf"]
[Result "1/2-1/2"]
[TimeControl "90 minutes for 40 moves + 30 minutes for the rest of the game + 30 seconds per move from move one."]
[WhiteFideId "1704648"]
[BlackFideId "1710214"]
[WhiteElo "2125"]
[BlackElo "2233"]

1. Nc3 d5 2. d4 Nf6 3. Bf4 e6 4. e3 Bb4 5. Bd3 c5 6. dxc5 Nbd7 7. a3 Bxc3+ 8. bxc3 Nxc5 9. Ne2 O-O 10.
O-O Qe7 11. Ng3 e5 12. Bg5 h6 13. Bxf6 Qxf6 14. e4 dxe4 15. Nxe4 Qc6 16. Nxc5 Qxc5 17. Re1 Qxc3 18. Qe2 Re8 19.
Qf3 Qc7 20. Rab1 Rb8 21. h4 Bd7 22. h5 b6 23. Rbd1 Bc6 24. Qf5 e4 25. Bxe4 Bxe4 26. Rxe4 Rxe4 27. Qxe4 1/2-1/2

[Event "Schack-SM 2022: Mastarklassen"]
[Site "Fyrishov, Idrottsgatan 2, Uppsala, Sweden"]
[Date "2022.07.03"]
[Round "2.4"]
[White "Malmstig, Erik"]
[Black "Bjorkman, Filip"]
[Result "1-0"]
[TimeControl "90 minutes for 40 moves + 30 minutes for the rest of the game + 30 seconds per move from move one."]
[WhiteTitle "FM"]
[WhiteFideId "1702866"]
[BlackFideId "1734970"]
[WhiteElo "2204"]
[BlackElo "2066"]

1. d4 Nf6 2. c4 g6 3. Nf3 Bg7 4. g3 c6 5. Bg2 d5 6. cxd5 cxd5 7. O-O O-O 8. Nc3 Ne4 9. Bf4 Bf5 10.
Qb3 Nc6 11. Rfd1 Na5 12. Qb4 Nxc3 13. bxc3 Be4 14. Bg5 Re8 15. Bh3 h6 16. Bf4 Bxf3 17. exf3 e6 18. Bf1 a6 19. a4 Bf8 20.
Qb2 Rc8 21. Rdb1 Rc6 22. Qd2 Kh7 23. h4 h5 24. Kg2 Qc8 25. g4 hxg4 26. fxg4 Rxc3 27. Be5 Bh6 28. g5 Bg7 29. Rc1 Rxc1 30.
Rxc1 Nc6 31. Qf4 Qd7 32. Bxg7 Kxg7 33. h5 gxh5 34. Qf6+ Kg8 35. Bd3 Nxd4 36. Qxd4 e5 37. Qh4 e4 38.
Be2 Kg7 39. Qf4 Qe6 40. Bxh5 Re7 41. Qh4 Qf5 42. Bg4 Qh7 43. Qg3 Qg6 44. Qf4 f6 45. Rc7 Rxc7 46. Qxc7+ Qf7 47. gxf6+ Kxf6 48.
Qf4+ Kg6 49. Bh5+ 1-0

[ePGN "0.1;DGT LiveChess/2.2.5"]

[Event "Schack-SM 2022: Mastarklassen"]
[Site "Fyrishov, Idrottsgatan 2, Uppsala, Sweden"]
[Date "2022.07.02"]
[Round "1.1"]
[White "Crevatin, Leo"]
[Black "Sundin, Emanuel"]
[Result "1-0"]
[TimeControl "90 minutes for 40 moves + 30 minutes for the rest of the game + 30 seconds per move from move one."]
[WhiteTitle "CM"]
[WhiteFideId "1726307"]
[BlackFideId "1719173"]
[WhiteElo "2259"]
[BlackElo "2160"]

1. d4 d5 2. Nf3 e6 3. c4 c6 4. Qc2 dxc4 5. Qxc4 Nf6 6. Bg5 b5 7. Qc2 Bb7 8. e4 Nbd7 9. Bd3 h6 10.
Bxf6 Qxf6 11. O-O a6 12. a4 Rc8 13. Nbd2 Nb6 14. Qb3 b4 15. a5 Nd7 16. Rfe1 Be7 17. e5 Qf4 18. Re4 Qf5 19.
Rh4 1-0

[Event "Schack-SM 2022: Mastarklassen"]
[Site "Fyrishov, Idrottsgatan 2, Uppsala, Sweden"]
[Date "2022.07.02"]
[Round "1.2"]
[White "Olsson, Svante"]
[Black "Eriksson, Dan"]
[Result "0-1"]
[TimeControl "90 minutes for 40 moves + 30 minutes for the rest of the game + 30 seconds per move from move one."]
[WhiteFideId "1707353"]
[BlackFideId "1710095"]
[WhiteElo "2156"]
[BlackElo "2246"]

1. c4 e5 2. Nc3 Nf6 3. g3 d5 4. cxd5 Nxd5 5. Bg2 Nb6 6. Nf3 Nc6 7. O-O Be7 8. b3 O-O 9. Bb2 Bf5 10.
d3 Qc8 11. Re1 a5 12. Nb5 a4 13. Nxe5 Nxe5 14. Bxe5 Ra5 15. bxa4 c6 16. Nd6 Bxd6 17. Bxd6 Rd8 18. Bb4 Rxa4 19.
Rb1 Rxa2 20. e4 Bg4 21. f3 Be6 22. Re2 Qa8 23. Bf1 Nc4 24. d4 Ra4 25. Be1 Ne5 26. Rd2 Raxd4 27. Kg2 Rxd2+ 28. Bxd2 Qa2 0-1

[Event "Schack-SM 2022: Mastarklassen"]
[Site "Fyrishov, Idrottsgatan 2, Uppsala, Sweden"]
[Date "2022.07.02"]
[Round "1.3"]
[White "Tiger-Norqvist, Axel"]
[Black "Carlstrom, Niklas"]
[Result "0-1"]
[TimeControl "90 minutes for 40 moves + 30 minutes for the rest of the game + 30 seconds per move from move one."]
[WhiteFideId "1716816"]
[BlackFideId "1704648"]
[WhiteElo "2239"]
[BlackElo "2125"]

1. e4 e5 2. Nf3 Nc6 3. Bb5 f5 4. exf5 e4 5. Ng1 Nf6 6. d4 d5 7. Ne2 Bxf5 8. c4 a6 9. Ba4 dxc4 10.
Bxc6+ bxc6 11. Qa4 Qd7 12. Qxc4 Bd6 13. Nbc3 Nd5 14. Nxd5 cxd5 15. Qc3 Qb5 16. Qc2 Bb4+ 17. Nc3 Bg4 18.
h3 Bh5 19. g4 Bg6 20. Be3 O-O 21. a3 Bxc3+ 22. Qxc3 Rab8 23. b4 Rb6 24. Rc1 Be8 25. Qb3 Rc6 26. Kd2 Rc4 27. Qb1 Bg6 28.
h4 Rxf2+ 29. Bxf2 e3+ 30. Bxe3 Bxb1 31. Rxb1 Qa4 32. Rhc1 Qxa3 33. Ke2 Rc3 34. Rxc3 Qxc3 35. Rc1 Qxb4 36.
Rxc7 Qb5+ 37. Kf2 Qb6 38. Rc5 Qd8 39. g5 a5 40. Bd2 a4 41. Bc1 Qd7 42. h5 Qf5+ 43. Ke2 Qe4+ 44. Be3 a3 45.
Ra5 Qc2+ 46. Bd2 a2 47. g6 hxg6 48. hxg6 Kf8 0-1

[Event "Schack-SM 2022: Mastarklassen"]
[Site "Fyrishov, Idrottsgatan 2, Uppsala, Sweden"]
[Date "2022.07.02"]
[Round "1.5"]
[White "Johansson, Thomas"]
[Black "Strom-Engdahl, Alexander"]
[Result "0-1"]
[TimeControl "90 minutes for 40 moves + 30 minutes for the rest of the game + 30 seconds per move from move one."]
[WhiteFideId "1708244"]
[BlackFideId "1741586"]
[WhiteElo "2231"]
[BlackElo "2077"]

1. Nf3 Nf6 2. c4 e6 3. d4 Bb4+ 4. Bd2 Bxd2+ 5. Qxd2 b6 6. g3 Bb7 7. Bg2 O-O 8. O-O d6 9. Nc3 Qe7 10.
Qc2 c5 11. Rad1 Nc6 12. d5 Nb4 13. Qc1 exd5 14. a3 Na6 15. cxd5 Nc7 16. Nh4 Bc8 17. e4 b5 18. b4 cxb4 19.
axb4 a5 20. bxa5 Rxa5 21. Qb2 Bd7 22. Rfe1 Ng4 23. Qb4 Raa8 24. Nf5 Qf6 25. Qxd6 Bxf5 26. Qxf6 Nxf6 27. d6 b4 28. dxc7 bxc3 29.
exf5 Rac8 30. Rd3 Rxc7 31. Rc1 Rfc8 32. Rc2 h6 33. Kf1 Ng4 0-1

[Event "Schack-SM 2022: Mastarklassen"]
[Site "Fyrishov, Idrottsgatan 2, Uppsala, Sweden"]
[Date "2022.07.02"]
[Round "1.6"]
[White "Bjorkman, Filip"]
[Black "Landgren, Andreas"]
[Result "1-0"]
[TimeControl "90 minutes for 40 moves + 30 minutes for the rest of the game + 30 seconds per move from move one."]
[BlackTitle "FM"]
[WhiteFideId "1734970"]
[BlackFideId "1704311"]
[WhiteElo "2066"]
[BlackElo "2224"]

1. e4 e5 2. Nf3 Nc6 3. Bc4 Bc5 4. c3 Nf6 5. d4 exd4 6. e5 d5 7. Bb5 Ne4 8. cxd4 Bb6 9. Nc3 O-O 10.
Be3 Bg4 11. h3 Bh5 12. O-O Ba5 13. Qb3 Bxc3 14. bxc3 Bxf3 15. gxf3 Ng5 16. Kg2 Ne6 17. f4 f5 18. Qd1 Ne7 19. Qf3 Kh8 20. Kh2 c6 21.
Bd3 b5 22. a4 a6 23. Ra2 Rb8 24. axb5 axb5 25. Rb1 Qc7 26. Ra6 Qc8 27. Ra7 Nc7 28. Bc1 Ra8 29. Rba1 Rxa7 30. Rxa7 Qb8 31.
Ra1 Qb7 32. Qh5 Ne6 33. Kg3 g6 34. Qe2 Ra8 35. Ra3 Nc8 36. Qa2 Nb6 37. h4 Kg7 38. Qb3 Kf7 39. Qb4 Nc8 40. c4 Rxa3 41.
Bxa3 dxc4 42. Bxc4 Ne7 43. Bxe6+ Kxe6 44. Qd6+ Kf7 45. Qf6+ Ke8 46. e6 1-0

[Event "Schack-SM 2022: Mastarklassen"]
[Site "Fyrishov, Idrottsgatan 2, Uppsala, Sweden"]
[Date "2022.07.02"]
[Round "1.7"]
[White "Lundberg, David"]
[Black "Jogstad, Daniel"]
[Result "0-1"]
[TimeControl "90 minutes for 40 moves + 30 minutes for the rest of the game + 30 seconds per move from move one."]
[BlackTitle "CM"]
[WhiteFideId "1707051"]
[BlackFideId "1718959"]
[WhiteElo "2219"]
[BlackElo "2057"]

1. d4 d5 2. Nf3 Nf6 3. c4 c6 4. Nc3 e6 5. Bg5 h6 6. Bxf6 Qxf6 7. e4 dxe4 8. Nxe4 Bb4+ 9. Ke2 Qf4 10.
Qd3 Be7 11. g3 Qc7 12. Bg2 O-O 13. Rhe1 b6 14. Kf1 c5 15. dxc5 bxc5 16. Qe3 Bb7 17. h4 Nd7 18. Rad1 Nf6 19.
Nxf6+ Bxf6 20. b3 Rad8 21. h5 Qa5 22. Qe2 Qc3 23. Rxd8 Rxd8 24. Rd1 Rxd1+ 25. Qxd1 Bd4 26. Qe2 e5 27.
Ne1 Bc8 28. g4 f5 29. Bd5+ Kh8 30. gxf5 Bxf5 31. Bf3 Bb1 32. Be4 Qh3+ 33. Kg1 Qg3+ 34. Bg2 e4 35. Kf1 Qf4 36. Nc2 Qc1+ 0-1

[Event "Schack-SM 2022: Mastarklassen"]
[Site "Fyrishov, Idrottsgatan 2, Uppsala, Sweden"]
[Date "2022.07.02"]
[Round "1.8"]
[White "Styf, Josef"]
[Black "Malmstig, Erik"]
[Result "0-1"]
[TimeControl "90 minutes for 40 moves + 30 minutes for the rest of the game + 30 seconds per move from move one."]
[BlackTitle "FM"]
[WhiteFideId "1708279"]
[BlackFideId "1702866"]
[WhiteElo "2048"]
[BlackElo "2204"]

1. e4 c5 2. Nf3 d6 3. d4 cxd4 4. Nxd4 Nf6 5. f3 a6 6. c4 e6 7. Nc3 Be7 8. Be3 Qc7 9. Rc1 O-O 10. Be2 Nbd7 11. O-O b6 12. Qd2 Bb7 13.
Rfd1 Rac8 14. Qe1 Rfe8 15. Qf2 Qb8 16. Nb3 Bd8 17. g4 Nc5 18. Nxc5 bxc5 19. Bf4 Bc7 20. Rc2 Nd7 21. Rcd2 e5 22.
Be3 Nf8 23. Nd5 Ba5 24. b4 cxb4 25. Ba7 Qa8 26. Bb6 Bxd5 27. Rxd5 Bxb6 28. Qxb6 Ne6 29. Rxd6 Nd4 30. Kf2 a5 31.
Rd5 Rc6 32. Qxa5 Ra6 33. Qxb4 Ra4 34. Qb6 Ra6 35. Qb4 Ra4 36. Qb6 Rxa2 37. R5xd4 exd4 38. Qxd4 Qb8 39. e5 g5 40. e6 Qxh2+ 0-1

[Event "Schack-SM 2022: Mastarklassen"]
[Site "Fyrishov, Idrottsgatan 2, Uppsala, Sweden"]
[Date "2022.07.02"]
[Round "1.9"]
[White "Eriksson, Jorgen"]
[Black "Pettersson, Tobias"]
[Result "1-0"]
[TimeControl "90 minutes for 40 moves + 30 minutes for the rest of the game + 30 seconds per move from move one."]
[WhiteFideId "1701967"]
[BlackFideId "1705962"]
[WhiteElo "2200"]
[BlackElo "2027"]

1. d4 d6 2. Nf3 g6 3. g3 Bg7 4. Bg2 Nf6 5. c4 O-O 6. Nc3 Nc6 7. O-O Bf5 8. b3 e5 9. e3 a5 10.
Bb2 Re8 11. dxe5 dxe5 12. Qxd8 Raxd8 13. Nb5 Rc8 14. h3 h5 15. Rfd1 a4 16. Ne1 Bf8 17. bxa4 Be6 18. Rac1 Nd7 19.
Nd3 Bf5 20. Ba1 Nc5 21. Nxc5 Bxc5 22. Bc3 Bb6 23. Be1 Ra8 24. c5 Ba5 25. Bxa5 Rxa5 26. Nxc7 Rc8 27. Nd5 Be6 28. Nb6 Rc7 29.
Rd2 Nb4 30. a3 Na6 31. c6 bxc6 32. Rxc6 Rxc6 33. Bxc6 Bxh3 34. Rd5 Rxd5 35. Nxd5 Be6 36. a5 Bxd5 37. Bxd5 Nc7 38. Bc4 Kf8 39.
a6 Ke7 40. a7 1-0